 Dungeon Sprint DCSS version 0.22.1-2-g9c5b331 (webtiles) character file.

60 diana the Sneak (level 3, -2/26 HPs)
             Began as a Demigod Enchanter on Dec 22, 2018.
             Slain by a human (8 damage)
             ... in the Dungeon (Sprint III: "The Ten Rune Challenge").
             The game lasted 00:00:51 (93 turns).

diana the Sneak (Demigod Enchanter)                   Turns: 93, Time: 00:00:52

Health: -2/26      AC:  2    Str: 11    XL:     3   Next: 55%
Magic:  3/10       EV:  9    Int: 19    God:
Gold:   0          SH:  0    Dex: 18    Spells: 5/8 levels left

rFire    . . .     SeeInvis .   a - +1 dagger
rCold    . . .     Gourm    .   (no shield)
rNeg     . . .     Faith    .   b - +0 robe
rPois    .         Spirit   .   (no helmet)
rElec    .         Reflect  .   (no cloak)
rCorr    .         Harm     .   (no gloves)
MR       .....     NoTele   +   (no boots)
Stlth    +++.......             (no amulet)
HPRegen  0.08/turn              c - -3 ring of evasion (curse)
MPRegen  0.12/turn              (no ring)

@: very slightly contaminated
A: high mp 1
a: no special abilities


You were in the Dungeon.
You were not hungry.

You visited 1 branch

Inventory:

Hand Weapons
 a - a +1 dagger (weapon)
Armour
 b - a +0 robe (worn)
Jewellery
 c - a cursed -3 ring of evasion (left hand)
Scrolls
 j - a scroll of blinking
Potions
 e - a potion of curing
 f - a potion of heal wounds
 g - a potion of haste
 h - 2 potions of magic
 i - a potion of berserk rage
Comestibles
 d - a ration


   Skills:
 + Level 3.0 Short Blades
 - Level 1.7 Dodging
 * Level 5.4 Stealth
 + Level 3.2 Spellcasting
 + Level 4.0 Hexes


You had 5 spell levels left.
You knew the following spells:

 Your Spells              Type           Power        Failure   Level  Hunger
a - Corona                Hex            ###....      2%          1    None
b - Ensorcelled Hibernat  Hex/Ice        ##....       10%         2    ##.....

Your spell library contained the following spells:

 Spells                   Type           Power        Failure   Level  Hunger
 Confuse                  Hex            ###.....     9%          3    ###....
 Tukima's Dance           Hex            ###.....     9%          3    ###....
 Dazzling Spray           Conj/Hex       ##....       19%         3    ###....


Dungeon Overview and Level Annotations

Branches:
Dungeon (1/1)


Innate Abilities, Weirdness & Mutations

You have an increased reservoir of magic. (+10% MP)


Message History

Aiming: Ensorcelled Hibernation (safe; 10% risk of failure)
Press: ? - help, Shift-Dir - straight line, f - human
Aim: a human (almost dead, chance to defeat MR: 41%)
You miscast Ensorcelled Hibernation.
You are very lightly contaminated with residual magic.
You hear a crackling sound.
Casting: Ensorcelled Hibernation (safe; 10% risk of failure)
Confirm with . or Enter, or press ? or * to list all spells.
Aiming: Ensorcelled Hibernation (safe; 10% risk of failure)
Press: ? - help, Shift-Dir - straight line, f/p - human
Aim: a human (almost dead, chance to defeat MR: 41%)
The human resists with some effort.
The human hits you.
* * * LOW HITPOINT WARNING * * *
Casting: Ensorcelled Hibernation (safe; 10% risk of failure)
Confirm with . or Enter, or press ? or * to list all spells.
Aiming: Corona (safe; 2% risk of failure)
Press: ? - help, Shift-Dir - straight line, f/p - human
Aim: a human (almost dead, chance to defeat MR: 56%)
The human is outlined in light.
The human hits you!
You die...

▓▓▓▓▓▓▓▓▓
▓<..#)..####
▓...#......##
▓..##.......# ..#
▓##.##.##..)# ..#
##.##.###..# #..#
▓#.####.##@.# ...+
▓.###†.##.p####...#
▓#.....##..###....#
###..##†..##.....#
##..##....#.p....#
#..###..##.#..)..#
#..# #.. ####....#
▓▓▓▓ ▓▓▓ ▓▓▓▓▓▓


You could see a human.

Vanquished Creatures
  Crazy Yiuf (D)
  Jessica (D)
  An ooze (D)
  2 rats (D)
5 creatures vanquished.

Vanquished Creatures (others)
  A yaktaur (D)
  A hellion (D)
2 creatures vanquished.

Grand Total: 7 creatures vanquished

Notes
Turn   | Place    | Note
-------+----------+-------------------------------------------
     0 | D        | diana the Demigod Enchanter began the quest for the Orb.
     0 | D        | Reached XP level 1. HP: 14/14 MP: 5/5
    14 | D        | Reached skill level 1 in Short Blades
    14 | D        | Reached skill level 3 in Stealth
    43 | D        | Killed a yaktaur
    55 | D        | Noticed Jessica
    59 | D        | Killed Jessica
    59 | D        | Reached skill level 4 in Stealth
    59 | D        | Reached XP level 2. HP: 20/20 MP: 8/8
    71 | D        | Learned a level 2 spell: Ensorcelled Hibernation
    72 | D        | Noticed Crazy Yiuf
    75 | D        | Killed Crazy Yiuf
    75 | D        | Reached skill level 5 in Stealth
    75 | D        | Reached XP level 3. HP: 26/26 MP: 10/10
    80 | D        | Killed a hellion
    93 | D        | Slain by a human

Skill      XL: |  1  2 |
---------------+-------+-----
Short Blades   | 2 3 |  3.0
Stealth        | 4 5 |  5.4
Spellcasting   | 2 3 |  3.2
Hexes          | 3 4 |  4.0
Dodging        | |  1.7

Action                   || total
-------------------------++-------
Melee: Dagger            ||    16
 Cast: Ensorcelled Hiber ||     3
       Corona            ||     1
 Stab: Sleeping          ||     4
Armor: Robe              ||     2
Dodge: Dodged            ||    12
